 Dungeon Sprint DCSS version 0.28-a0-247-gb8bfbab023 (webtiles) character file.

Game seed: 213185855961480073

7375 MikeHunt the Grappler (level 10, -8/89 HPs)
             Began as a Demonspawn Artificer on Aug 25, 2021.
             Was an Initiate of Gozag.
             Mangled by a 12-headed hydra (13 damage)
             ... in the Dungeon (Sprint I: "Red Sonja").
             The game lasted 00:07:21 (1807 turns).

MikeHunt the Grappler (Demonspawn Artificer)        Turns: 1807, Time: 00:07:21

Health: -8/89      AC: 15    Str: 16    XL:     10   Next: 91%
Magic:  10/10      EV: 14    Int: 15    God:    Gozag
Gold:   2380       SH:  4    Dex: 20    Spells: 9/9 levels left

rFire   . . .      SeeInvis .     - Unarmed
rCold   . . .      Faith    .   (no shield)
rNeg    . . .      Spirit   .   j - +5 scale mail of Bad Feelings {Int+3 Dex+6}
rPois   .          Reflect  .   (helmet restricted)
rElec   .          Harm     .   l - +0 cloak
rCorr   .          Rampage  .   (no gloves)
Will    .....      NoTele   +   (no boots)
Stlth   +++.......              (no amulet)
HPRegen 0.24/turn               (no ring)
MPRegen 0.12/turn               (no ring)

@: no status effects
A: claws 2, horns 1, talons 2, spiny 1, condensation shield
a: Renounce Religion, Potion Petition, Call Merchant, Bribe Branch


You were in the Dungeon.
You worshipped Gozag.
Gozag was most pleased with you.
You visited 1 branch You collected 3673 gold pieces.
You spent 596 gold pieces at shops.
You paid 697 gold pieces to Gozag.

Inventory:

Armour
 j - the +5 scale mail of Bad Feelings (worn) {Int+3 Dex+6}
   (You bought it in a shop in the Dungeon)

   Int:       It affects your intelligence (+3).
   Dex:       It affects your dexterity (+6).
 l - a +0 cloak (worn)
Wands
 d - a wand of charming (13)
 n - a wand of acid (10)
Scrolls
 k - a scroll of blinking
Potions
 a - a potion of cancellation
 b - a potion of berserk rage
 f - 8 potions of curing
 g - 3 potions of heal wounds
 h - a potion of haste
 i - 2 potions of magic
 m - a potion of invisibility {unknown}
 o - a potion of lignification
Miscellaneous
 e - a piece from Xom's chessboard (15/15)


   Skills:
 + Level 11.7 Fighting
 - Level 12.5 Armour
 - Level 7.6 Dodging
 - Level 8.3 Stealth
 + Level 14.1 Unarmed Combat
 - Level 3.9 Evocations


You had 9 spell levels left.
You didn't know any spells.
Your spell library contained the following spells:

 Spells                   Type           Power      Damage    Failure   Level
 Summon Lightning Spire   Summ/Air       0%         N/A       100%        4
 Storm Form               Tmut/Air       0%         N/A       100%        7
 Maxwell's Capacitive Co  Air            0%         ∞         100%        8


Dungeon Overview and Level Annotations

Branches:
Dungeon (1/1)

Altars:
Cheibriados
Dithmenos
Elyvilon
Fedhas
Gozag
Hepliaklqana
Kikubaaqudgha
Makhleb
Nemelex Xobeh
Okawaru
Qazlal
Ru
Sif Muna
Trog
Uskayaw
Vehumet
Wu Jian
Xom
Yredelemnul
Zin
The Shining One
Jiyva
Lugonu

Shops:
D ([![


Innate Abilities, Weirdness & Mutations

You have very sharp fingernails.
You have a pair of small horns on your head.
You have razor-sharp toenails.
You are partially covered in sharp spines.
A meltable shield of frost defends you. (SH +4)


Message History

There is an open door, spattered with blood here.
Aiming: Corrosive Bolt
Press: ? - help, Shift-Dir - straight line, f/p - 12-headed hydra
Aim: a 12-headed hydra (purple smoke, 91% to hit)
The bolt of acid hits the 12-headed hydra!
The 12-headed hydra is splashed with acid.
The acid corrodes the 12-headed hydra!
The 12-headed hydra is moderately wounded.
The 12-headed hydra is struck by your spines.
The 12-headed hydra bites you but does no damage.
The 12-headed hydra barely misses you.
The 12-headed hydra bites you but does no damage. x2
The 12-headed hydra closely misses you. The 12-headed hydra bites you! x2
The 12-headed hydra bites you but does no damage.
You block the 12-headed hydra's attack. The 12-headed hydra bites you. x2
The 12-headed hydra barely misses you.
You claw the 12-headed hydra! You headbutt the 12-headed hydra.
The 12-headed hydra is moderately wounded.
You mangle the 12-headed hydra!! You headbutt the 12-headed hydra.
You claw the 12-headed hydra!
The 12-headed hydra is almost dead.
The 12-headed hydra bites you but does no damage.
The 12-headed hydra completely misses you.
The 12-headed hydra bites you.
The 12-headed hydra bites you but does no damage.
The 12-headed hydra bites you. x3; The 12-headed hydra bites you!
The 12-headed hydra misses you. The 12-headed hydra bites you.
The 12-headed hydra misses you. The 12-headed hydra bites you.
You are too injured to fight recklessly!
You completely miss the 12-headed hydra.
Your kick misses the 12-headed hydra.
The 12-headed hydra is almost dead.
The 12-headed hydra is struck by your spines.
The 12-headed hydra bites you!
* * * LOW HITPOINT WARNING * * *
The 12-headed hydra barely misses you. The 12-headed hydra bites you!
* * * LOW HITPOINT WARNING * * *
The 12-headed hydra bites you!
You die...
Your body crumbles into a pile of gold.

#################################
.#..'..#__#..'...#..#§§§§D§§DD.§'
.)..#..'..'..#...##'#D####.§...##
'#####'#__####..@D)§#§# ##§§§##
.#...#)####§§#####.§§.# $###+# $
##[.##.#≈§§§§#..##+#### $ $
_##'#_('§§§§.'§§#..° $
[.'.[._#§§§.§#§§#.°°° $$$
_##_.#'##'#####'###.○°
_###'#.#).[.###§'.#...#
####.####'###.###.#..##
..'...'.....!∩∩##§#..# $$


You could see a 12-headed hydra (corroded).

Vanquished Creatures
  2 centaur warriors (D)
  A deep troll (D)
  A hornet (D)
  A lindwurm (D)
  A gargoyle (D)
  2 kobold demonologists (D)
  4 demonic crawlers (D)
  A slime creature (D)
  Sigmund (D)
  A yak (D)
  13 hogs (D)
  A floating eye (D)
  An ogre (D)
  A jelly (D)
  Ijyb (D)
32 creatures vanquished.

Vanquished Creatures (collateral kills)
  An oklob plant (D)
  2 redbacks (D)
3 creatures vanquished.

Vanquished Creatures (others)
  Sonja (D)
  2 ballistomycete spores (D)
3 creatures vanquished.

Grand Total: 38 creatures vanquished

Notes
Turn   | Place    | Note
-------+----------+-------------------------------------------
     0 | D        | MikeHunt the Demonspawn Artificer began the quest for the
                  | Orb.
     0 | D        | Reached XP level 1. HP: 15/15 MP: 1/1
     1 | D        | Noticed Ijyb
    10 | D        | Killed Ijyb
    11 | D        | Gained mutation: You have sharp fingernails. [demonic
                  | ancestry]
    11 | D        | Reached XP level 2. HP: 16/23 MP: 2/2
   175 | D        | Noticed an ogre
   180 | D        | Killed an ogre
   181 | D        | Reached skill level 6 in Unarmed Combat
   181 | D        | Gained mutation: You have a pair of small horns on your
                  | head. [demonic ancestry]
   181 | D        | Reached XP level 3. HP: 28/28 MP: 3/3
   181 | D        | Gained mutation: You are partially covered in sharp spines.
                  | [demonic ancestry]
   181 | D        | Reached XP level 4. HP: 34/34 MP: 4/4
   192 | D        | Noticed Sigmund
   197 | D        | Killed Sigmund
   198 | D        | Reached skill level 9 in Unarmed Combat
   198 | D        | Gained mutation: You have very sharp fingernails. [demonic
                  | ancestry]
   198 | D        | Reached XP level 5. HP: 38/39 MP: 5/5
   212 | D        | Found a shimmering blue altar of Sif Muna.
   213 | D        | Found an ornate altar of the Wu Jian Council.
   214 | D        | Found a radiant altar of Vehumet.
   222 | D        | Reached skill level 10 in Unarmed Combat
   222 | D        | Gained mutation: A meltable shield of frost defends you.
                  | (SH +4) [demonic ancestry]
   222 | D        | Reached XP level 6. HP: 42/46 MP: 6/6
   262 | D        | Found Ydeovo's Antique Armour Emporium.
   262 | D        | Found an ancient bone altar of Kikubaaqudgha.
   262 | D        | Found a hazy altar of Hepliaklqana.
   262 | D        | Found a stormy altar of Qazlal.
   262 | D        | Found a hide-covered altar of Uskayaw.
   262 | D        | Found a blossoming altar of Fedhas.
   262 | D        | Found a bloodstained altar of Trog.
   262 | D        | Found an iron altar of Okawaru.
   262 | D        | Found a basalt altar of Yredelemnul.
   262 | D        | Found a snail-covered altar of Cheibriados.
   262 | D        | Found a sacrificial altar of Ru.
   262 | D        | Found a shadowy altar of Dithmenos.
   262 | D        | Noticed a yak
   263 | D        | Found an opulent altar of Gozag.
   267 | D        | Killed a yak
   268 | D        | Reached skill level 11 in Unarmed Combat
   268 | D        | Found a sparkling altar of Nemelex Xobeh.
   271 | D        | Became a worshipper of Gozag Ym Sagoz the Greedy
   400 | D        | Bought a heavily runed scale mail for 198 gold pieces
   400 | D        | Identified the +5 scale mail of Bad Feelings {Int+3 Dex+6}
                  | (You bought it in a shop in the Dungeon)
   430 | D        | Bought a cloak for 99 gold pieces
   442 | D        | Noticed Sonja
   453 | D        | Killed Sonja
   454 | D        | Reached skill level 5 in Dodging
   454 | D        | Gained mutation: You have sharp toenails. [demonic
                  | ancestry]
   454 | D        | Reached XP level 7. HP: 51/58 MP: 7/7
   511 | D        | Noticed a deep troll
   518 | D        | Found Ennyissefa's Weapon Boutique.
   613 | D        | Found a burning altar of Makhleb.
   613 | D        | Found a viscous altar of Jiyva.
   613 | D        | Found a shimmering altar of Xom.
   613 | D        | Found a corrupted altar of Lugonu.
   613 | D        | Noticed a slime creature
   620 | D        | Killed a slime creature
   621 | D        | Reached XP level 8. HP: 65/65 MP: 8/8
   635 | D        | Noticed a kobold demonologist
   638 | D        | Noticed a kobold demonologist
   656 | D        | Killed a kobold demonologist
   662 | D        | Noticed a soul eater
   663 | D        | Killed a kobold demonologist
   701 | D        | Noticed a centaur warrior
   706 | D        | Killed a centaur warrior
   707 | D        | Reached XP level 9. HP: 69/75 MP: 9/9
   724 | D        | Noticed a centaur warrior
   748 | D        | Killed a centaur warrior
   749 | D        | Reached skill level 10 in Armour
   758 | D        | Noticed an oklob plant
   777 | D        | Killed an oklob plant
   835 | D        | Killed a deep troll
   836 | D        | Gained mutation: You have razor-sharp toenails. [demonic
                  | ancestry]
   836 | D        | Reached XP level 10. HP: 65/81 MP: 10/10
   902 | D        | Found Erelog's Armour Emporium.
   911 | D        | Bought a potion of curing for 39 gold pieces
   911 | D        | Bought a potion of curing for 39 gold pieces
   911 | D        | Bought a potion of heal wounds for 65 gold pieces
   911 | D        | Bought a potion of curing for 39 gold pieces
   911 | D        | Bought a potion of heal wounds for 65 gold pieces
   911 | D        | Bought a potion of lignification for 39 gold pieces
   911 | D        | Bought a potion of degeneration for 13 gold pieces
   972 | D        | Reached skill level 12 in Unarmed Combat
  1280 | D        | Noticed a gargoyle
  1297 | D        | Killed a gargoyle
  1487 | D        | Noticed a lindwurm
  1497 | D        | Killed a lindwurm
  1498 | D        | Reached skill level 10 in Fighting
  1498 | D        | Reached skill level 13 in Unarmed Combat
  1743 | D        | Reached skill level 14 in Unarmed Combat
  1765 | D        | Noticed a 12-headed hydra
  1807 | D        | Mangled by a 12-headed hydra

Illustrated notes

Levels and vault maps discovered:
D:        dungeon_sprint_1 [red_sonja_temple_1, red_sonja_temple_small_1]

Skill      XL: |  1  2  3  4  5  6  7  8  9 10 |
---------------+-------------------------------+-----
Fighting       | 2 6 8 11 | 11.7
Armour         | 2 7 12 | 12.5
Dodging        | 2 5 6 7 |  7.6
Stealth        | 2 6 8 |  8.3
Unarmed Combat | 6 9 10 11 14 | 14.1
Evocations     | |  3.9

Action                   |  1- 3 |  4- 6 |  7- 9 | 10-12 || total
-------------------------+-------+-------+-------+-------++-------
Melee: Club              |     7 |       |       |       ||     7
       Unarmed           |       |    11 |    36 |    79 ||   126
       Punch             |       |     1 |     3 |     9 ||    13
       Kick              |       |       |    13 |    33 ||    46
       Headbutt          |       |       |    10 |    26 ||    36
Invok: Call Merchant     |       |       |       |     1 ||     1
Evoke: Wand              |     5 |     9 |     2 |     2 ||    18
  Use: Potion            |     1 |       |       |       ||     1
       Scroll            |       |       |       |     1 ||     1
 Stab: Sleeping          |       |     2 |       |     1 ||     3
       Betrayed ally     |       |       |     1 |       ||     1
Armor: Leather armour    |       |     1 |       |       ||     1
       Scale mail        |       |     4 |    18 |    39 ||    61
Dodge: Dodged            |     6 |     2 |    16 |    56 ||    80
Block: Other             |       |     1 |     6 |    16 ||    23

Table legend: (Time is in decaauts)
 A = Elapsed time spent in this place.
 B = Non-inter-level travel time spent in this place.
 C = Inter-level travel time spent in this place.
 D = Time resting spent in this place.
 E = Time spent auto-exploring this place.
 F = Levels seen in this place.
 G = Mean time per level.
                   A        B        C        D        E       F      G
               +--------+--------+--------+--------+--------+-----+--------+
         Total |   1790 |   1790 |      0 |   1062 |      0 |   1 | 1790.0 |
       Dungeon |   1790 |   1790 |      0 |   1062 |      0 |   1 | 1790.0 |
               +--------+--------+--------+--------+--------+-----+--------+

Top non-repeatable levels by time:
       D: 1790 daAuts
